 Dungeon Crawl Stone Soup version 0.25.1-1-g288607f5aa (webtiles) character file.

Game seed: 7966379672528097786

196 H0rd4k the Insei (level 5, -1/33 HPs)
             Began as an Octopode Transmuter on July 20, 2020.
             Slain by a phantom (9 damage)
             ... on level 4 of the Dungeon.
             The game lasted 00:03:08 (4073 turns).

H0rd4k the Insei (Octopode Transmuter)              Turns: 4073, Time: 00:03:08

Health: -1/33      AC:  1    Str:  9    XL:     5   Next: 74%
Magic:  8/8        EV: 14    Int: 16    God:
Gold:   183        SH:  0    Dex: 13    Spells: 3/9 levels left

rFire    + . .     SeeInvis .     - Unarmed
rCold    . . .     Gourm    .   (no shield)
rNeg     . . .     Faith    +   (helmet restricted)
rPois    .         Spirit   .   g - amulet of faith
rElec    .         Reflect  .   d - ring of protection from fire
rCorr    .         Harm     .   (no ring)
MR       .....                  (no ring)
Stlth    +++.......             (no ring)
HPRegen  0.11/turn              (no ring)
MPRegen  0.11/turn              (no ring)
                                (no ring)
                                (no ring)

@: appendage (expiring)
A: almost no armour, stealthy swim, amphibious, 8 rings, constrict 8, tentacle
spike 3, camouflage 1, gelatinous body 1
a: End Transformation


You were on level 4 of the Dungeon.
You were not hungry.
One of your tentacles had a temporary spike.
You visited 1 branch of the dungeon, and saw 4 of its levels.

You collected 183 gold pieces.

Inventory:

Missiles
 a - 28 arrows
Jewellery
 d - a ring of protection from fire (left tentacle)
 g - an amulet of faith (around mantle)
Wands
 n - a wand of flame (19)
Scrolls
 b - 7 scrolls of identify {unknown}
 e - a scroll of random uselessness {unknown}
 h - 3 scrolls of amnesia
 j - 2 scrolls of remove curse
Potions
 f - a potion of heal wounds {unknown}
 i - a potion of stabbing {unknown}
 l - a potion of might {unknown}
 m - a potion of brilliance {unknown}
 o - a potion of resistance {unknown}
 p - a potion of magic {unknown}
 q - a potion of flight {unknown}
Comestibles
 c - 8 rations
 k - 4 chunks of flesh


   Skills:
 + Level 1.4 Fighting
 + Level 2.7 Dodging
 + Level 2.7 Stealth
 + Level 4.1 Unarmed Combat
 * Level 2.6 Spellcasting
 * Level 3.2 Transmutations


You had 3 spell levels left.
You knew the following spells:

 Your Spells              Type           Power        Failure   Level  Hunger
a - Beastly Appendage     Tmut           ##....       4%          1    #......
b - Sticks to Snakes      Tmut           ##......     8%          2    ##.....
c - Spider Form           Tmut/Pois      #.........   30%         3    ###....

Your spell library contained the following spells:

 Spells                   Type           Power        Failure   Level  Hunger
 Ice Form                 Ice/Tmut       #.......     69%         4    #####..
 Blade Hands              Tmut           ##........   80%         5    ######.


Dungeon Overview and Level Annotations

Branches:
Dungeon (4/15)
 Temple: D:4-7

Altars:


Innate Abilities, Weirdness & Mutations

You cannot wear most types of armour.
You are very stealthy in the water. (Stealth+)
You are amphibious.
You can wear up to eight rings at the same time.
You can use your tentacles to constrict eight enemies at once.
Your skin changes colour to match your surroundings (Stealth+).
Your rubbery body absorbs attacks. (AC +1, EV +1)
One of your tentacles bears a large vicious spike.


Message History

The phantom hits you.
You tentacle-slap the phantom but do no damage.
You squeeze the phantom.
The phantom is severely damaged.
Your transformation is almost over.
Your magical contamination has completely faded away.
You barely miss the phantom.
Your tentacle-slap misses the phantom.
The phantom is severely damaged.
The phantom barely misses you.
You closely miss the phantom.
Your tentacle spike misses the phantom.
The phantom is severely damaged.
The phantom hits you!
* * * LOW HITPOINT WARNING * * *
You tentacle-slap the phantom.
The phantom is severely damaged.
The phantom blinks!
You tentacle-slap the phantom.
You pierce the phantom.
The phantom is almost destroyed.
The phantom hits you!
You die...

.. #......... #.#
#.........
#.#######..#+#..†.
###............+....
#.........#..###..!.
####..##........#
#....
.............#..#
#....
####.........#..#
#.... #..@W[....####
#.... ##.#..##..#
##### #.#..##..#
#..........
.....##....#
#.###........# .
#.###....# ..# #


You could see a phantom.

Vanquished Creatures
  Jessica (D:3)
  A worker ant (D:4)
  5 adders (D:2)
  3 oozes
  An adder skeleton (D:4)
  5 worms
  A dart slug (D:1)
  3 leopard geckos
  An orc (D:3)
  A ball python (D:1)
  4 giant cockroaches
  4 goblins
  6 hobgoblins
  4 jackals (D:3)
  6 kobolds
  4 quokkas
  8 bats
  A frilled lizard (D:3)
  10 rats
69 creatures vanquished.

Notes
Turn   | Place    | Note
-------+----------+-------------------------------------------
     0 | D:1      | H0rd4k the Octopode Transmuter began the quest for the Orb.
     0 | D:1      | Reached XP level 1. HP: 13/13 MP: 3/3
   401 | D:1      | Reached XP level 2. HP: 16/18 MP: 5/5
   896 | D:1      | Reached skill level 1 in Stealth
   896 | D:1      | Reached XP level 3. HP: 22/23 MP: 6/6
   900 | D:1      | Learned a level 2 spell: Sticks to Snakes
   904 | D:1      | Learned a level 3 spell: Spider Form
  1878 | D:2      | Reached XP level 4. HP: 22/28 MP: 7/7
  3237 | D:3      | Reached XP level 5. HP: 20/33 MP: 8/8
  3813 | D:3      | Noticed Jessica
  3824 | D:3      | Killed Jessica
  3824 | D:3      | Reached skill level 4 in Unarmed Combat
  4016 | D:4      | Noticed a phantom
  4073 | D:4      | Slain by a phantom

Illustrated notes

Levels and vault maps discovered:
D:1:      dpeg_arrival_prison, layout_loops_ring, serial_bayou_ford_a
D:2:      layout_loops_ring, first_ration
D:3:      layout_rooms, uniq_jessica
D:4:      layout_basic, overflow_temple_1_default, tso_altar

Skill      XL: |  1  2  3  4  5 |
---------------+----------------+-----
Stealth        | 1 2 |  2.7
Transmutations | 3 |  3.2
Unarmed Combat | 4 |  4.1
Fighting       | |  1.4
Dodging        | |  2.7
Spellcasting   | |  2.6

Action                   |  1- 3 |  4- 6 || total
-------------------------+-------+-------++-------
Melee: Unarmed           |    93 |   134 ||   227
       Constrict         |    23 |    29 ||    52
       Tentacles         |    11 |    20 ||    31
       Punch             |     1 |     3 ||     4
       Kick              |     2 |    11 ||    13
 Cast: Beastly Appendage |     1 |    11 ||    12
  Use: Scroll            |       |     3 ||     3
 Stab: Sleeping          |     5 |     8 ||    13
  Eat: Chunk             |     3 |     7 ||    10
Armor: Skin              |    12 |     8 ||    20
Dodge: Dodged            |    61 |    82 ||   143
